AoeStats
← Kez

MegaRandom

508914734Analyzed
4v4 RM · 8d ago on Sep 24, 2026· 52m 49s· 8 players
Game mode
Random Map
Map size
Large (8 player)
Population
200
Speed
Normal
Resources
Standard
Victory
Conquest
Starting age
Dark Age
Ending age
Imperial Age
RankedLock teamsTeams togetherTeam positionsShared explorationLock speedFull tech treeHidden civsTurbo modeCheats
Victory
Defeat
🇫🇷 Persians · France
1247
+11
🇮🇹 Spanish · Italy
1228
+12
🇹🇷 Hindustanis · Türkiye
1173
+14
🇪🇸 Britons · Spain
1120
+17
🇳🇱 Khmer · Netherlands
1272
-19
🇧🇷 Tatars · Brazil
1123
-13
🇩🇪 Georgians · Germany
1086
-11
1084
-11
zeron
7:37 Loom
10:59 Feudal Age
15:44 Castle Age
13:58 Double-Bit Axe
23:47 Horse Collar
26:42 Town Watch
27:32 Wheelbarrow
28:47 Husbandry
29:17 Bow Saw
29:37 Gold Mining
29:54 Grand Trunk Road
31:16 Scale Barding Armor
31:37 Bloodlines
31:48 Heavy Plow
32:08 Forging
36:11 Imperial Age
34:14 Chain Barding Armor
34:43 Gold Shaft Mining
37:59 Chemistry
36:40 Heavy Camel Rider
39:58 Two-Man Saw
39:29 Imperial Camel Rider
42:01 Plate Barding Armor
42:05 Shatagni
42:26 Conscription
43:14 Iron Casting
43:06 Stone Mining
46:15 Light Cavalry
48:16 Blast Furnace
48:54 Hand Cart
48:40 Town Patrol
50:03 Hussar
yosua
5:11 Loom
10:33 Feudal Age
20:44 Castle Age
20:51 Castle Age
19:27 Double-Bit Axe
21:52 Crossbowman
33:20 Gambesons
41:22 Squires
42:15 Yeomen
46:35 Fletching
46:46 Padded Archer Armor
46:25 Pikeman
48:59 Bodkin Arrow
49:19 Leather Archer Armor
Sahraoui
4:45 Loom
9:36 Feudal Age
10:28 Double-Bit Axe
10:25 Horse Collar
18:53 Wheelbarrow
21:36 Castle Age
21:00 Bloodlines
21:39 Forging
21:56 Scale Barding Armor
24:47 Chain Barding Armor
28:34 Iron Casting
32:08 Bow Saw
33:46 Heavy Plow
37:56 Imperial Age
35:42 Gold Mining
35:45 Stone Mining
38:20 Cavalier
41:34 Fletching
45:35 Conscription
45:52 Hoardings
45:53 Bodkin Arrow
45:59 Padded Archer Armor
47:00 Blast Furnace
46:36 Plate Barding Armor
45:52 Light Cavalry
47:00 Husbandry
47:38 Ballistics
48:19 Chemistry
49:59 Chemistry
48:57 Murder Holes
49:13 Masonry
51:41 Savar
bindella
Kez
7:14 Loom
10:16 Feudal Age
11:24 Double-Bit Axe
21:27 Castle Age
22:09 Horse Collar
23:04 Gold Mining
23:33 Bloodlines
24:41 Scale Barding Armor
27:09 Wheelbarrow
29:26 Husbandry
32:04 Hand Cart
33:39 Chain Barding Armor
36:04 Imperial Age
33:49 Heavy Plow
33:48 Town Watch
35:06 Gold Shaft Mining
36:13 Stone Mining
36:07 Cavalier
37:40 Plate Barding Armor
37:16 Forging
37:50 Bow Saw
38:20 Crop Rotation
37:20 Light Cavalry
39:20 Hussar
40:58 Iron Casting
43:41 Blast Furnace
44:25 Stone Shaft Mining
44:02 Tusk Swords
43:29 Elite Battle Elephant
45:06 Conscription
48:43 Fortified Wall
48:54 Ballistics
48:46 Fletching
49:45 Masonry
49:32 Murder Holes
51:34 Coinage
Lasse07027776
11:20 Feudal Age
11:29 Loom
13:00 Double-Bit Axe
17:17 Castle Age
17:31 Wheelbarrow
17:17 Scale Barding Armor
17:23 Forging
24:13 Horse Collar
26:11 Town Watch
27:37 Double-Bit Axe
28:06 Pikeman
31:11 Squires
31:14 Husbandry
31:28 Gold Mining
32:22 Bow Saw
33:30 Heavy Plow
34:35 Iron Casting
34:56 Hand Cart
34:58 Scale Mail Armor
38:14 Imperial Age
36:17 Arson
36:45 Bloodlines
36:48 Caravan
37:10 Chain Barding Armor
36:40 Fletching
37:18 Murder Holes
37:43 Ballistics
37:34 Masonry
37:05 Treadmill Crane
39:33 Hoardings
39:38 Conscription
38:56 Halberdier
40:37 Chain Mail Armor
41:49 Architecture
41:58 Plate Mail Armor
42:17 Crop Rotation
41:56 Padded Archer Armor
42:43 Siege Engineers
42:42 Bodkin Arrow
44:41 Blast Furnace
46:16 Aznauri Cavalry
45:57 Capped Ram
47:09 Town Patrol
48:17 Chemistry
48:00 Plate Barding Armor
47:42 Leather Archer Armor
48:35 Bracer
48:10 Siege Ram
49:43 Elite Skirmisher
51:31 Stone Mining
51:16 Elite Monaspa
Papai Sacudo
5:07 Loom
11:15 Feudal Age
18:13 Castle Age
18:12 Fletching
24:56 Town Watch
28:18 Wheelbarrow
33:46 Ballistics
34:15 Husbandry
35:48 Bodkin Arrow
37:11 Padded Archer Armor
39:37 Pikeman
44:49 Imperial Age
42:46 Elite Skirmisher
44:10 Squires
45:53 Halberdier
50:34 Chemistry
51:14 Bracer
有死之荣无生之辱
Connection lost

Rejoining the realm…

Still unreachable

The connection could not be restored.

Session expired

The server has moved on; the page needs a fresh start.